Zazza, neutral female human Tourist -------- |.......# |......|# ---------------- ---------- ---- |......|# ##..............f| ##.........| |..| |......|# # |............&.| # |........| |..| |......|# ######...........#@..| ####.........| ---- |......|# # ------.--------- # --|-----.- --------# # # ### # # # ## # # # # # # # # # ### # ### # # # # # # # # ### # --.-- ## # # # # |....###### --.-- ### ------# ----|----# #|...| # ---------- |>..| # |....|# |........# ###|...| ##.........| |...| ##-...{|# |.......| # ----- |........| |...| |....|# |.<......###### # |........| |...| |....|# |`......| |........| ----- ------ --------- ---------- # Zazza the Rambler Experience level: 2 Strength: 11 Dexterity: 11 Constitution: 15 Intelligence: 12 Wisdom: 8 Charisma: 18 Health: 0(21) Energy: 4(4) Def: 2 Gold: 915 Moves: 1951 Dungeon seed: 8Kvt-u4X_MN_c0Br Game ID: Zazza_1574670133 Your Inventory: Coins $ - 915 gold pieces Weapons a - 32 +2 darts (in quiver) q - 2 rusty +0 orcish daggers (wielded) v - a cursed +0 orcish dagger L - a +0 orcish dagger M - a +0 sling Armor e - an uncursed +0 Hawaiian shirt r - a blessed +0 orcish helm N - an uncursed +0 orcish helm O - a cursed +0 orcish helm Y - an uncursed +1 orcish helm (being worn) Comestibles c - an uncursed lembas wafer d - 9 uncursed food rations f - an uncursed orange g - an uncursed eucalyptus leaf h - an uncursed slime mold p - an uncursed tripe ration B - an uncursed apple Scrolls k - 2 uncursed scrolls of magic mapping n - 2 uncursed scrolls of enchant weapon F - an uncursed scroll of gold detection Spellbooks I - an uncursed spellbook of force bolt Potions t - an uncursed potion of fruit juice J - an uncursed potion of gain energy Rings A - an uncursed ring of levitation Wands G - a wand of cancellation (0:5) Tools l - an expensive camera (0:56) m - an uncursed credit card w - an uncursed skeleton key H - an uncursed tin whistle Gems y - an uncursed worthless piece of black glass z - an uncursed worthless piece of red glass E - an uncursed worthless piece of violet glass Spells and supernatural/magical abilities: Name Level Category Fail Memory W - pray for help -- divine ? -- Your skills at the end: Fighting Skills Weapon Skills dart [Basic] Spellcasting Skills Final Attributes: You were aligned. You are dead. Vanquished creatures: a floating eye a homunculus an acid blob a coyote a hobbit 2 large kobolds 4 giant rats a brown mold a red mold 4 geckos 9 jackals a fox a kobold 6 goblins 2 sewer rats 5 grid bugs 5 lichens 2 kobold zombies 7 newts 55 creatures vanquished. Voluntary challenges: You used a wielded weapon 19 times, starting on turn 266. You read items or engraved 4 times, starting on turn 246. You never genocided any monsters. You never polymorphed an object. You never changed form. You used no wishes. You never split a pudding. You wrote Elbereth's name 1 time, starting on turn 1598. You never violated your personal moral code. Dungeon overview: The Dungeons of Doom: levels 1 to 5 Level 1 a long staircase Level 2 a scroll shop Level 3 a fountain, a sink a long staircase Level 4 a fountain Level 5 <- You were here a fountain, a sink History has recorded: On T:1 you entered the Dungeons of Doom to retrieve the Amulet of Yendor! On T:7 you reached level 2 of The Dungeons of Doom. On T:760 you reached level 3 of The Dungeons of Doom. On T:1076 you reached level 4 of The Dungeons of Doom. On T:1319 you advanced to experience level 2. On T:1863 you reached level 5 of The Dungeons of Doom. Score breakdown: Gold: 300 ( 8431 points) Experience: 2 levels ( 5570 points) Exploration: 5 levels ( 10.42%) ( 8751 points) Discoveries: 2 items ( 0.67%) ( 2457 points) Valuables value: (no points given unless you survive) Artifact value: 0 ( 0 points) Variety of kills: 19 monsters ( 4.99%) ( 6699 points) Turncount: 1951 turns ( 0 points) Survival: died (score multiplied by 80%) Total score: 25526 Latest messages: Klunk! The pipes vibrate noisily. You hear the footsteps of a guard on patrol. Klunk! The pipes vibrate noisily. As you read the scroll, it disappears. A map coalesces in your mind! Klunk! The pipes vibrate noisily. Armand blocks your way. This tastes like castor oil. Klunk! The pipes vibrate noisily. Klunk! The pipes vibrate noisily. You stop. Armand is in the way! Armand misses the incubus. The incubus hits! (2x) Armand bites the incubus. The incubus misses Armand. (3x) The incubus hits! (2x) You die... Final status: Aloha Zazza the Tourist, killed by an incubus... You died in The Dungeons of Doom on dungeon level 5 with 25526 points, and 915 pieces of gold, after 1951 moves. You were level 2 with a maximum of 21 hit points when you died.